 Dungeon Crawl Stone Soup version 0.28-a0-661-g144af121cd (webtiles) character file.

Game seed: 6047401712557659804

6605 BlueGoblin the Covert (level 11, 0/56 HPs)
             Began as a Vine Stalker Brigand on Oct 14, 2021.
             Was a Priest of Dithmenos.
             Slain by an unseen horror (4 damage)
             ... on level 11 of the Dungeon.
             The game lasted 00:25:09 (10006 turns).

BlueGoblin the Covert (Vine Stalker Brigand)       Turns: 10006, Time: 00:25:10

Health: 0/56       AC:  6    Str: 13    XL:     11   Next: 2%
Magic:  0/12       EV: 18    Int: 11    God:    Dithmenos [***...]
Gold:   582        SH:  0    Dex: 20    Spells: 10/10 levels left

rFire   . . .      SeeInvis .   a - +2 dagger (speed)
rCold   . . .      Faith    .   (no shield)
rNeg    + + .      Spirit   +   w - +1 robe {rN+}
rPois   .          Reflect  .   p - +1 helmet
rElec   .          Harm     .   c - +0 cloak
rCorr   +          Rampage  .   (no gloves)
Will    +....                   (no boots)
Stlth   +++++++...              (no amulet)
HPRegen 1.18/turn               B - ring of positive energy
MPRegen 0.13/turn               n - ring of resist corrosion

@: wreathed by umbra, studying Crossbows
A: fangs 3, regeneration 1, magic shield, antimagic bite, no potion heal 2
a: Renounce Religion, Shadow Step


You were on level 11 of the Dungeon.
You worshipped Dithmenos.
Dithmenos was most pleased with you.
You visited 2 branches of the dungeon, and saw 11 of its levels.
You also visited: Sewer and Ossuary.

You collected 582 gold pieces.

Inventory:

Hand Weapons
 a - a +2 dagger of speed (weapon)
 b - a +0 hunting sling
 q - a +3 dagger
 F - a +0 hand crossbow
 L - a +1 vampiric dagger
Missiles
 d - 24 poisoned darts (quivered)
 e - 2 curare-tipped darts
 j - 269 stones
 o - 84 sling bullets
 v - 64 bolts
 D - 3 throwing nets
Armour
 c - a +0 cloak (worn)
 p - a +1 helmet (worn)
 s - a +1 robe of cold resistance
 w - a +1 robe of positive energy (worn)
 E - a +1 helmet
Magical Staves
 i - a staff of cold
 l - a staff of poison
Jewellery
 n - a ring of resist corrosion (right hand)
 B - a ring of positive energy (left hand)
Wands
 r - a wand of flame (1)
Scrolls
 k - 5 scrolls of identify
 u - 3 scrolls of noise {unknown}
 x - a scroll of fog {unknown}
 y - 2 scrolls of teleportation
 G - a scroll of amnesia
 I - a scroll of magic mapping
 K - a scroll of summoning
Potions
 f - 3 potions of flight
 g - 5 potions of curing
 h - a potion of lignification {unknown}
 m - 5 potions of brilliance {unknown}
 t - 3 potions of might
 z - a potion of attraction {unknown}
 A - a potion of magic {unknown}
 C - a potion of haste {unknown}
 H - a potion of cancellation {unknown}
Miscellaneous
 J - a phantom mirror


   Skills:
 + Level 5.7 Fighting
 + Level 8.0 Short Blades
 + Level 1.9 Throwing
 * Level 8.4 Dodging
 + Level 11.2 Stealth


You had 10 spell levels left.
You didn't know any spells.
Your spell library contained the following spells:

 Spells                   Type           Power      Damage    Failure   Level
 Magic Dart               Conj           0%         1d3       34%         1
 Passwall                 Tmut/Erth      0%         N/A       47%         2
 Scorch                   Fire           0%         2d5       47%         2
 Searing Ray              Conj           0%         2d4       47%         2
 Swiftness                Air            0%         N/A       71%         3
 Flame Wave               Conj/Fire      0%         3d3       98%         4
 Fulminant Prism          Conj/Hex       0%         3d6       98%         4
 Summon Forest            Summ/Tloc      0%         N/A       100%        5
 Eringya's Noxious Bog    Tmut/Pois      0%         N/A       100%        6
 Invisibility             Hex            0%         N/A       100%        6
 Summon Cactus Giant      Summ           0%         N/A       100%        6
 Summon Hydra             Summ           0%         N/A       100%        7


Dungeon Overview and Level Annotations

Branches:
Dungeon (9/15)             Temple (1/1) D:5           Sewer (visited)
Ossuary (visited)
   Lair: D:8-11         Orc: D:9-12

Altars:
Ashenzari
Cheibriados
Dithmenos
Elyvilon
Fedhas
Gozag
Hepliaklqana
Kikubaaqudgha
Makhleb
Nemelex Xobeh
Okawaru
Qazlal
Ru
Sif Muna
Trog
Uskayaw
Vehumet
Wu Jian
Xom
Yredelemnul
Zin
The Shining One

Shops:
D:3 ?

Portals:
Gauntlet: D:11


Innate Abilities, Weirdness & Mutations

You have razor-sharp teeth.
Your natural rate of healing is unusually fast.
When hurt, damage is shared between your health and your magic reserves.
Your bite disrupts and absorbs the magic of your enemies.
Potions cannot restore your health.


Message History

The vampire mosquito is severely damaged.
The vampire mosquito closely misses you.
You hit the vampire mosquito. Your bite misses the vampire mosquito.
The vampire mosquito is almost destroyed.
The vampire mosquito bites you!
* * * LOW HITPOINT WARNING * * *
You hit the vampire mosquito. You bite the vampire mosquito.
You destroy the vampire mosquito!
Dithmenos accepts your kill.
You see here a vampire mosquito corpse.
You start resting.
Something hits you!
* * * LOW HITPOINT WARNING * * *
You start resting.
Something hits you.
* * * LOW HITPOINT WARNING * * *
You hit something. Something hits you.
* * * LOW HITPOINT WARNING * * *
You hit something but do no damage. You bite something. You drain its power.
You feel invigorated. Something hits you but does no damage.
You miss something. Your bite misses something. Something hits you.
* * * LOW HITPOINT WARNING * * *
Something barely misses you. Something hits you but does no damage.
Something hits you.
* * * LOW HITPOINT WARNING * * *
Something closely misses you. Something hits you.
* * * LOW HITPOINT WARNING * * *
You see here a vampire mosquito corpse.
Something hits you.
* * * LOW HITPOINT WARNING * * *
Something hits you but does no damage. Something closely misses you.
Something hits you!
* * * LOW HITPOINT WARNING * * *
You see here a vampire mosquito corpse.
Something barely misses you. Something hits you but does no damage.
Something hits you.
You die...

##..# ###..# ##...
##....# ###...###.....#
##......#......###
#.....##†........###
###......###...#.....#
.........# #...###...##.
####....#####.∩.........
........†..@........#
##########....(..###.
#.#....### #........#
#.#..........
#..........#..
#............
#..###.#...... #..
####.....


There were no monsters in sight!

Vanquished Creatures
  Pikel (D:2)
  A troll (D:11)
  Sigmund (D:3)
  A wyvern (D:7)
  4 vampire mosquitoes (D:11)
  Edmund (D:5)
  Menkaure (D:7)
  2 water moccasins
  Purgy (Sewer)
  2 sky beasts
  2 black bears
  4 orc warriors
  A hornet zombie (D:5)
  4 ogres
  A necrophage (D:6)
  2 lemures (D:3)
  3 centaurs (D:6)
  A phantom (D:6)
  6 elf zombies
  A kobold brigand (D:8)
  2 bullfrogs
  2 scorpions (D:4)
  An elf skeleton (D:7)
  A wyvern skeleton (D:7)
  8 killer bees
  14 wights
  A crimson imp (D:5)
  5 centaur zombies
  2 lava snakes (D:9)
  4 hounds
  2 jellies
  2 bullfrog skeletons
  An orc priest (D:9)
  A human zombie (D:7)
  4 centaur skeletons
  A human skeleton (D:7)
  5 orc wizards (D:9)
  2 killer bee zombies
  2 mummies (Ossuary)
  Robin (D:2)
  4 gnolls (D:6)
  A howler monkey skeleton (D:4)
  12 adders
  A white imp (D:6)
  An ufetubus (D:7)
  An adder zombie (Ossuary)
  An adder skeleton (D:4)
  3 dart slugs
  28 orcs
  5 ball pythons
  8 endoplasms
  10 giant cockroaches
  14 goblins
  12 hobgoblins
  8 jackals
  15 kobolds
  8 quokkas
  9 bats
  5 frilled lizards
  3 goblin zombies (Ossuary)
  11 hobgoblin zombies (Ossuary)
  2 jackal zombies (Ossuary)
  9 kobold zombies (Ossuary)
  2 orc skeletons (D:7)
  8 orc zombies
  9 rats
291 creatures vanquished.

Vanquished Creatures (others)
  11 plants (D:9)
11 creatures vanquished.

Grand Total: 302 creatures vanquished

Notes
Turn   | Place    | Note
-------+----------+-------------------------------------------
     0 | D:1      | BlueGoblin the Vine Stalker Brigand began the quest for the
                  | Orb.
     0 | D:1      | Reached XP level 1. HP: 11/11 MP: 2/2
     6 | D:1      | Noticed a black bear
     6 | D:1      | Noticed an anaconda
     6 | D:1      | Noticed a lindwurm
     7 | D:1      | Noticed a rime drake
     7 | D:1      | Noticed a hound
   114 | D:1      | Reached skill level 5 in Stealth
   372 | D:1      | Reached XP level 2. HP: 15/15 MP: 3/3
   973 | D:1      | Reached XP level 3. HP: 16/18 MP: 4/4
  1048 | D:1      | Reached skill level 1 in Dodging
  1667 | D:2      | Found a shimmering altar of Xom.
  1958 | D:2      | Reached skill level 6 in Stealth
  1958 | D:2      | Gained mutation: Your natural rate of healing is unusually
                  | fast. [Vine Stalker growth]
  1958 | D:2      | Reached XP level 4. HP: 21/23 MP: 5/5
  1991 | D:2      | Noticed Robin
  2037 | D:2      | Killed Robin
  2582 | D:3      | Reached XP level 5. HP: 26/26 MP: 6/6
  2869 | D:3      | Noticed a water moccasin
  2870 | D:3      | Killed a water moccasin
  2871 | D:3      | Reached XP level 6. HP: 32/32 MP: 7/7
  2960 | D:3      | Found a faded altar of an unknown god.
  3159 | D:3      | Reached skill level 7 in Stealth
  3173 | D:3      | Noticed Sigmund
  3217 | D:3      | Killed Sigmund
  3218 | D:3      | Reached XP level 7. HP: 20/35 MP: 8/8
  3380 | D:3      | Found Tonot's Magic Scroll Shop.
  3458 | D:4      | Noticed Pikel
  3595 | D:2      | Killed Pikel
  3596 | D:2      | Reached skill level 8 in Stealth
  3596 | D:2      | Gained mutation: You have razor-sharp teeth. [Vine Stalker
                  | growth]
  3596 | D:2      | Reached XP level 8. HP: 26/40 MP: 9/9
  4064 | D:4      | Reached skill level 5 in Dodging
  4464 | D:4      | Reached skill level 5 in Short Blades
  4901 | D:5      | Entered Level 5 of the Dungeon
  4949 | D:5      | Found a glowing drain.
  4974 | Sewer    | Entered a sewer
  5036 | Sewer    | Noticed Purgy
  5055 | Sewer    | Killed Purgy
  5099 | Sewer    | Identified a scroll of acquirement
  5099 | Sewer    | Acquired 247 gold pieces
  5150 | D:5      | Noticed Edmund
  5178 | D:5      | Reached skill level 9 in Stealth
  5178 | D:5      | Reached XP level 9. HP: 37/45 MP: 8/10
  5250 | D:5      | Killed Edmund
  5332 | D:5      | Found a burning altar of Makhleb.
  5332 | D:5      | Found a radiant altar of Vehumet.
  5398 | D:5      | Found a staircase to the Ecumenical Temple.
  5413 | Temple   | Entered the Ecumenical Temple
  5555 | Temple   | Became a worshipper of Dithmenos the Shadowed
  6194 | D:6      | Reached skill level 10 in Stealth
  7111 | D:7      | Noticed Menkaure
  7113 | D:7      | Killed Menkaure
  7114 | D:7      | Reached XP level 10. HP: 51/51 MP: 11/11
  7122 | D:7      | Reached * piety under Dithmenos
  7212 | D:7      | Found a sand-covered staircase.
  7219 | D:7      | Reached skill level 5 in Fighting
  7229 | Ossuary  | Entered an ossuary
  7390 | Ossuary  | Reached ** piety under Dithmenos
  7509 | D:7      | Reached skill level 11 in Stealth
  7657 | D:7      | Found a white marble altar of Elyvilon.
  7753 | D:7      | Found a sacrificial altar of Ru.
  7753 | D:7      | Found a glowing golden altar of the Shining One.
  7761 | D:7      | Found a faded altar of an unknown god.
  7763 | D:7      | Found a broken altar of Ashenzari.
  7765 | D:7      | Found a basalt altar of Yredelemnul.
  8343 | D:7      | HP: 2/51 [killer bee (3)]
  9186 | D:9      | Identified the +6 war axe of Tentacled Watchfulness {vamp,
                  | rN+}
  9441 | D:9      | Reached *** piety under Dithmenos
  9891 | D:9      | You fall into a shaft and drop 2 floors!
  9905 | D:11     | Found a gate leading to a gauntlet.
  9967 | D:11     | Reached XP level 11. HP: 14/56 MP: 12/12
  9987 | D:11     | HP: 2/56 [something (4)]
 10003 | D:11     | HP: 1/56 [something (8)]
 10006 | D:11     | Slain by an unseen horror

Illustrated notes

Levels and vault maps discovered:
D:1:      onia_arrival_zoo_common, layout_basic
D:2:      layout_loops_corners, basic_altar, uniq_robin
D:3:      minmay_bubble_buster, layout_basic, serial_shops, shop,
          shapermc_ecumenical_altar_mp_highgroup, uniq_sigmund
D:4:      layout_gridville, uniq_pikel
D:5:      layout_loops_ring, grunt_temple_overflow_lords_of_destruction,
          minmay_temple_entry_gardened_gates, gup_sewer_entry_pipe,
          nrook_mini_vaults, uniq_edmund
D:6:      layout_rooms, minmay_manual_mares
D:7:      layout_basic, mainiacjoe_overflow_small_starburst,
          chequers_temple_overflow_minitemple, nicolae_ossuary_entry_catacombs,
          mrwooster_statue_mirror, uniq_menkaure
D:8:      layout_rooms, grunt_ogre_cave
D:9:      layout_cave_pools, serial_bayou, serial_bayou_shore_b,
          serial_bayou_crossing, serial_bayou_pond_c, serial_bayou_pond_e,
          kennysheep_big_empty_room
D:11:     layout_cave_pools, gauntlet_entry_generic, minmay_rotating_lava,
          uniq_psyche
Temple:   regret_index_temple_waves

Skill      XL: |  1  2  3  4  5  6  7  8  9 10 |
---------------+-------------------------------+-----
Stealth        | 5 6 7 8 9 10 11 | 11.2
Short Blades   | 2 3 4 5 6 8 |  8.0
Dodging        | 1 2 3 4 5 6 8 |  8.4
Fighting       | 2 3 4 5 |  5.7
Throwing       | |  1.9

Action                   |  1- 3 |  4- 6 |  7- 9 | 10-12 || total
-------------------------+-------+-------+-------+-------++-------
Melee: Dagger            |   109 |   178 |   520 |   699 ||  1506
       Bite              |    35 |    38 |   184 |   262 ||   519
Throw: Dart              |     1 |       |       |       ||     1
  Use: Scroll            |     1 |       |    17 |     2 ||    20
       Potion            |       |       |       |     1 ||     1
 Stab: Sleeping          |     1 |    10 |    26 |    19 ||    56
       Distracted        |       |       |       |     1 ||     1
Armor: Robe              |    32 |    42 |    73 |   105 ||   252
Dodge: Dodged            |    57 |    81 |   204 |   538 ||   880

Table legend: (Time is in decaauts)
 A = Elapsed time spent in this place.
 B = Non-inter-level travel time spent in this place.
 C = Inter-level travel time spent in this place.
 D = Time resting spent in this place.
 E = Time spent auto-exploring this place.
 F = Levels seen in this place.
 G = Mean time per level.
                   A        B        C        D        E       F      G
               +--------+--------+--------+--------+--------+-----+--------+
         Total |   9292 |   8799 |    493 |   1018 |   5216 |  13 |  714.8 |
       Dungeon |   8809 |   8350 |    459 |   1018 |   4943 |  10 |  880.9 |
        Temple |    166 |    132 |     34 |      0 |    113 |   1 |  166.0 |
         Sewer |    124 |    124 |      0 |      0 |     79 |   1 |  124.0 |
       Ossuary |    192 |    192 |      0 |      0 |     79 |   1 |  192.0 |
               +--------+--------+--------+--------+--------+-----+--------+

Top non-repeatable levels by time:
     D:1: 1389 daAuts
     D:4: 1202 daAuts
     D:2: 1149 daAuts
     D:7: 1018 daAuts
     D:3: 968 daAuts
     D:5: 840 daAuts
     D:9: 822 daAuts
     D:6: 764 daAuts
     D:8: 564 daAuts
 Ossuary: 192 daAuts
  Temple: 166 daAuts
   Sewer: 124 daAuts
    D:11: 88 daAuts
